Cogmind - Beta 12 @@@ ROGUE MODE // 2023.10.16 @ 18:40:45 Player: monistgf Result: Destroyed by S-43 Plague with Heavy Machine Gun Performance ------------- Evolutions (7) 3500 Regions Visited (9) 1800 Robots Destroyed (161) 805 Value Destroyed (6985) 6985 Prototype IDs (8) 160 Alien Tech Used (0) 0 Bonus (1254) 1254 TOTAL SCORE: 14504 Bonus ------- High Alert Combat Kills 621 Follower Combat Kills 884 Friendly Fire -251 Cogmind --------- Core Integrity 0/1300 Matter 290/300 Energy 164/170 System Corruption 22% Temperature Cool (6) Movement Flying (34) Location -3/Research Parts ------- > --- POWER (1) -------- Light Antimatter Reactor > --- PROPULSION (4) --- Q-thruster Q-thruster Q-thruster > --- UTILITY (12) ----- (None) > --- WEAPON (4) ------- (None) > --- INVENTORY (5) ---- High-capacity Storage Unit Advanced Sensor Array Experimental ECM Suite Experimental Field Recycling Unit (350) Peak State ------------ > --- POWER ------------ Particle Reactor > --- PROPULSION ------- Myomer Leg Myomer Leg Myomer Leg Myomer Leg > --- UTILITY ---------- Advanced Heat Sink Advanced Heat Sink Advanced Heat Sink High-capacity Storage Unit Enhanced Optical Array Advanced Signal Interpreter Targeting Computer Targeting Computer Improved Targeting Computer Improved Kinecellerator Improved Transmission Jammer Improved Medium Armor Plating > --- WEAPON ----------- Enhanced Coil Gun Railgun Railgun Hardcell Cannon > --- INVENTORY -------- Particle Reactor Particle Reactor Flexi-carbon Leg Flexi-carbon Leg Flexi-carbon Leg Myomer Leg High-capacity Storage Unit Advanced Sensor Array Improved Terrain Scanner Experimental ECM Suite Hardened Medium Armor Plating Hardened Medium Armor Plating Hardened Medium Armor Plating Improved Medium Armor Plating Improved Medium Armor Plating Advanced Trap Extractor Experimental Field Recycling Unit Heavy Missile Launcher Micro-nuke Launcher Impact Mace [Rating: 120] Favorites ----------- Power Light Antimatter Reactor Engine Improved Ion Engine Power Core Light Fission Core Reactor Light Antimatter Reactor Propulsion Improved Titanium Leg Leg Improved Titanium Leg Wheel Compact Wheel Hover Unit Improved Antigrav System Flight Unit Q-thruster Utility Targeting Computer Device Advanced Heat Sink Storage High-capacity Storage Unit Processor Targeting Computer Protection Improved Medium Armor Plating Weapon Gauss Rifle Energy Gun Tesla Rifle Energy Cannon Compact HERF Cannon Ballistic Gun Gauss Rifle Ballistic Cannon Hardcell Cannon Launcher Micro-nuke Launcher Impact Weapon Impact Mace Build | -11 -10 -9 -8 -7 -6 -5 -4 -4 -3 ------- Run | Jun Mat Mat Mat Fac Fac Fac Fac Ext Res Slots Evolved 14 | . . 2 2 2 2 2 2 . 2 Power . | . . . . . . . . . . Propulsion 2 | . . 1 . 1 . . . . . Utility 10 | . . . 2 1 2 2 1 . 2 Weapon 2 | . . 1 . . . . 1 . . Parts Attached 275 | . 17 20 22 9 40 26 27 55 59 Power 23 | . 3 5 2 1 2 1 2 1 6 Engine 10 | . 3 5 1 . . . 1 . . Core 4 | . . . 1 1 2 . . . . Reactor 9 | . . . . . . 1 1 1 6 Propulsion 70 | . 5 7 4 3 5 5 3 20 18 Treads . | . . . . . . . . . . Leg 49 | . . . 4 3 5 5 3 20 9 Wheel 14 | . 5 7 . . . . . . 2 Hover 4 | . . . . . . . . . 4 Flight 3 | . . . . . . . . . 3 Utility 122 | . 4 . 7 3 23 16 18 25 26 Device 90 | . . . 1 1 19 14 15 19 21 Storage 5 | . 1 . 1 . 1 . . 1 1 Processor 8 | . 1 . 2 1 1 . 2 1 . Hackware . | . . . . . . . . . . Protection 19 | . 2 . 3 1 2 2 1 4 4 Artifact . | . . . . . . . . . . Weapon 60 | . 5 8 9 2 10 4 4 9 9 Energy Gun 4 | . . . . . . . 1 2 1 Energy Cannon 1 | . . . . . . . . . 1 Ballistic Gun 45 | . 5 8 8 2 7 4 3 5 3 Ballistic Cannon 2 | . . . . . . . . 1 1 Launcher 4 | . . . 1 . . . . 1 2 Special Weapon . | . . . . . . . . . . Impact Weapon 4 | . . . . . 3 . . . 1 Slashing Weapon . | . . . . . . . . . . Piercing Weapon . | . . . . . . . . . . Special Melee Weapon . | . . . . . . . . . . Unidentified Prototypes 6 | . . . . 2 . 1 3 . . Parts Lost 66 | . 5 1 2 2 5 1 4 5 41 Power 7 | . 1 . . . . . 1 . 5 Propulsion 18 | . 2 1 . . . . . . 15 Utility 22 | . . . 1 . 4 1 3 2 11 Weapon 19 | . 2 . 1 2 1 . . 3 10 Highest Loss Streak 33 | . 2 1 1 1 2 1 3 3 33 To Critical Strikes 2 | . . . . . . . . . 2 Average Slot Usage (%) 97 | . 95 100 97 99 99 98 98 98 83 Engine 2 | . 13 11 8 . . . . . . Core 2 | . . . . 7 6 3 . . . Reactor 1 | . . . . . . 1 4 5 3 Leg 20 | . 5 . 25 30 26 23 21 20 15 Wheel 3 | . 22 33 . . . . . . . Device 11 | . . . . . 13 22 19 17 18 Storage 6 | . 14 11 9 7 6 5 5 5 3 Processor 16 | . . . 16 15 19 17 20 22 19 Protection 7 | . 10 11 9 14 5 4 5 5 3 Energy Gun 1 | . 1 . . . . . 2 4 . Ballistic Gun 19 | . 26 33 26 23 18 17 17 12 9 Naked Turns 20 | . . . . . . . . . 20 Heaviest Build 101 | 12 52 57 67 68 71 77 90 97 101 Greatest Support 100 | 20 32 42 60 80 80 80 90 95 100 Greatest Overweight (x) 4 | . 2 1 2 . . . 1 1 4 Average Overweight (x) . | . . 1 . . . . . . . Largest Inventory Capacity 20 | . 20 20 20 20 20 20 20 20 20 Average Capacity 19 | . 17 20 20 20 20 20 20 20 18 Most Carried 20 | . 20 20 20 20 20 20 20 20 20 Average Carried 19 | . 15 19 19 19 19 19 19 19 16 Final Capacity 20 | 8 20 20 20 20 20 20 20 20 5 Final Carried 20 | 6 19 20 19 20 20 20 20 20 4 Class Distribution -------------------- 28% | Scavenger-Gunner 21% | Gunner 19% | Scavenger-Skirmisher 8% | Mutant 6% | Tank 6% | Skirmisher 3% | Scavenger-Assassin Dominant Class ---------------- Mutant | -10/Materials Tank | -9/Materials Gunner | -8/Materials Gunner | -7/Factory Skirmisher | -6/Factory Scavenger-Skirmisher | -5/Factory Scavenger-Gunner | -4/Factory Scavenger-Gunner | -4/Extension Scavenger-Gunner | -3/Research Resources | -11 -10 -9 -8 -7 -6 -5 -4 -4 -3 ----------- Run | Jun Mat Mat Mat Fac Fac Fac Fac Ext Res Matter Collected 6705 | 168 409 466 1093 43 758 748 703 1183 1134 Remotely . | . . . . . . . . . . Salvage Created 8346 | . 570 682 1484 43 679 616 1157 1410 1705 Parts 412 | . 35 42 51 5 38 44 59 69 69 Haulers Intercepted 6 | . 1 2 . . . 1 2 . . Recyclers Shooed 5 | . . . . . 1 . 1 3 . Parts Field Recycled 11 | . . . . . . . 11 . . Retrieved Matter 383 | . . . . . . . 383 . . Parts Self-Destructed . | . . . . . . . . . . Prevented . | . . . . . . . . . . Kills | -11 -10 -9 -8 -7 -6 -5 -4 -4 -3 ------- Run | Jun Mat Mat Mat Fac Fac Fac Fac Ext Res Combat Hostiles Destroyed 121 | . 11 16 27 1 10 7 10 20 19 Guns 113 | . 11 16 26 1 10 7 10 18 14 Cannons 4 | . . . . . . . . 2 2 AOE 3 | . . . 1 . . . . . 2 Classes Destroyed 14 | . 4 3 2 1 1 . . 2 1 Worker 9 | . 2 . 2 . 1 2 . . 2 Builder 2 | . . . . . . . . 1 1 Hauler 6 | . 1 2 . . . 1 2 . . Recycler 8 | . . 1 1 . . . 1 1 4 Operator 3 | . . . . . 1 . 1 1 . Watcher 11 | . 1 . 2 . 2 3 2 . 1 Swarmer 15 | . . 7 . . . . . 4 4 Grunt 65 | . 11 6 19 . 4 2 5 8 10 Brawler 2 | . . . 2 . . . . . . Sentry 17 | . . 3 5 . 2 1 2 2 2 Specialist 1 | . . . . . . . . . 1 Hunter 3 | . . . 1 . 2 . . . . Programmer 17 | . . . . 1 2 4 3 5 2 Behemoth 1 | . . . . . . . . 1 . Thug 1 | . . . . . . . . 1 . Best Kill Streak 6 | . 4 5 4 1 3 3 5 4 6 Combat Bots Only 5 | . 3 5 4 1 3 2 3 4 4 Max Kills in Single Turn 3 | . 1 2 2 1 1 2 1 3 3 Gunslinging 1 | . . 1 . . . . . 1 . Exploded 1 | . . . 1 . . . . . 1 Melee . | . . . . . . . . . . Uniques/NPCs Destroyed . | . . . . . . . . . . Combat | -11 -10 -9 -8 -7 -6 -5 -4 -4 -3 -------- Run | Jun Mat Mat Mat Fac Fac Fac Fac Ext Res Damage Taken 13255 | . 623 327 1545 31 1496 758 789 1198 6488 Core 2042 | . 127 38 194 . 112 77 102 76 1316 Absorbed by Shields 90 | . . . . . . . . 90 . Redirected to Shielding 213 | . 30 18 63 19 83 . . . . Regen/Repaired (Parts) 177 | . . . 177 . . . . . . Core Remaining (%) 83 | 100 49 90 64 100 86 92 . 84 . Volleys Fired 356 | . 38 30 74 2 55 24 34 45 54 Largest 4 | . 2 3 3 3 3 3 4 4 4 Hottest 209 | . 46 69 84 79 81 84 156 209 209 Shots Fired 1095 | . 73 90 216 6 166 72 135 176 161 Gun 1037 | . 73 90 213 6 166 72 135 153 129 Cannon 51 | . . . . . . . . 22 29 Launcher 7 | . . . 3 . . . . 1 3 Special . | . . . . . . . . . . Kinetic 1017 | . 73 90 213 6 166 72 124 130 143 Thermal 33 | . . . . . . . . 22 11 Explosive 7 | . . . 3 . . . . 1 3 Electromagnetic 38 | . . . . . . . 11 23 4 Robot Hit Streak 42 | . 7 9 14 3 23 24 42 18 37 Robot Miss Streak 5 | . 2 2 2 2 3 2 2 4 5 Penetration Max 2 | . . . 1 . 1 1 1 1 2 Secondary Targets 13 | . . 3 2 . 3 . . 2 3 Max Gunslinging Chain 1 | . . 1 1 . 1 . . 1 1 Shots Hit Robots 800 | . 51 55 162 3 126 58 103 122 120 Core Hits 329 | . 24 28 61 2 34 32 40 51 57 Critical Kills 7 | . . . . . 1 1 1 2 2 Critical Parts Destroyed 19 | . 1 . 2 . 3 2 2 4 5 Critical Strikes 29 | . 1 . 2 . 4 3 3 9 7 Burn 1 | . . . . . . . . 1 . Destroy 24 | . 1 . 2 . 3 3 3 6 6 Blast 1 | . . . . . . . . 1 . Corrupt 1 | . . . . . . . . 1 . Smash 2 | . . . . . 1 . . . 1 Melee Attacks 16 | . . . . . 12 . . . 4 Impact 16 | . . . . . 12 . . . 4 Slashing . | . . . . . . . . . . Piercing . | . . . . . . . . . . Sneak Attacks 1 | . . . . . 1 . . . . Combat Hostiles . | . . . . . . . . . . Follow-up Attacks . | . . . . . . . . . . Damage Inflicted 20083 | . 768 827 3382 68 2338 1237 2377 3892 5194 Guns 17537 | . 768 827 3140 68 2235 1237 2377 3303 3582 Cannons 1282 | . . . . . . . . 574 708 Explosions 941 | . . . 242 . . . . . 699 Melee 229 | . . . . . 99 . . . 130 Ramming 94 | . . . . . 4 . . 15 75 Kinetic 17656 | . 768 827 3140 68 2235 1237 2131 3142 4108 Thermal 592 | . . . . . . . . 428 164 Explosive 941 | . . . 242 . . . . . 699 Electromagnetic 571 | . . . . . . . 246 307 18 Impact 229 | . . . . . 99 . . . 130 Slashing . | . . . . . . . . . . Piercing . | . . . . . . . . . . Highest Corruption 22 | . 3 . . . 4 4 1 3 22 Average Corruption 3 | . 1 . . . 2 2 1 2 16 Corruption Purged 16 | . . . . . 5 8 2 1 . Corruption Blocked . | . . . . . . . . . . Effects 47 | . 14 . . . 6 1 1 16 9 Message Errors 10 | . 3 . . . . 1 . 3 3 Matter Fused 12 | . 2 . . . 2 . . 7 1 Heat Flow Errors 3 | . 1 . . . 1 . . 1 . Energy Discharges 5 | . 3 . . . . . . 1 1 Parts Rejected 1 | . . . . . . . . . 1 Data Loss (minor) 5 | . 1 . . . 1 . . 2 1 Data Loss (major) 4 | . 2 . . . 1 . . . 1 Misfires 1 | . . . . . 1 . . . . Alerts 2 | . 1 . . . . . . 1 . Misdirections 1 | . . . . . . . . . 1 Weapon Failures 3 | . 1 . . . . . 1 1 . Overload Shots . | . . . . . . . . . . Overflow Damage 183 | . . . 3 . 35 . . 24 121 Projectiles 46 | . . . . . . . . 24 22 Explosions 45 | . . . 3 . . . . . 42 Melee 92 | . . . . . 35 . . . 57 Knockbacks 18 | . . . . . 1 . . 8 9 Impact 4 | . . . . . 1 . . 1 2 Kinetic 14 | . . . . . . . . 7 7 Secondary . | . . . . . . . . . . Self-Inflicted Damage 4 | . . . . . . . . . 4 Shots . | . . . . . . . . . . Rammed 1 | . . . . . . . . . 1 Targets Rammed 12 | . . . . . 1 . . 3 8 Kicked 11 | . . . . . 1 . . 3 7 Crushed . | . . . . . . . . . . Highest Temperature 354 | . 264 36 178 6 249 354 35 211 60 Average Temperature 53 | . 43 15 60 4 74 138 7 51 21 Received Heat Transfer 2740 | . 387 78 792 . 372 126 138 247 600 Siege Activations . | . . . . . . . . . . Robots Corrupted . | . . . . . . . . . . Combat Hostiles . | . . . . . . . . . . Parts Fried 6 | . . . . . 3 . . 2 1 Impact Corruptions 5 | . . . . . 2 . . . 3 Robots Melted . | . . . . . . . . . . Combat Hostiles . | . . . . . . . . . . Parts Melted . | . . . . . . . . . . Heat Transferred 966 | . . . . . . . . 740 226 Parts Sabotaged . | . . . . . . . . . . Parts Stolen . | . . . . . . . . . . Parts Stripped . | . . . . . . . . . . Power Chain Reactions . | . . . . . . . . . . Missiles Intercepted . | . . . . . . . . . . Alert | -11 -10 -9 -8 -7 -6 -5 -4 -4 -3 ------- Run | Jun Mat Mat Mat Fac Fac Fac Fac Ext Res Peak Influence 836 | . 154 207 603 273 153 144 286 654 836 Initial 342 | . . 65 81 273 . 1 30 140 342 Average 191 | . 42 101 275 139 50 25 108 330 605 Maximum Alert Level 3 | . . 1 2 1 . . 1 2 3 Low Security (%) 64 | . 100 92 35 59 100 100 78 32 . Level 1 18 | . . 7 41 40 . . 21 32 11 Level 2 13 | . . . 23 . . . . 34 48 Level 3 3 | . . . . . . . . . 40 Level 4 . | . . . . . . . . . . Level 5 . | . . . . . . . . . . High Security . | . . . . . . . . . . Max Security . | . . . . . . . . . . Squads Dispatched 34 | . 3 1 6 2 2 2 3 3 12 Investigation 3 | . 1 . 1 . . . . 1 . Extermination 9 | . . . . 2 2 2 2 . 1 Reinforcement 12 | . 2 1 4 . . . 1 2 2 Assault 2 | . . . 1 . . . . . 1 Garrison 8 | . . . . . . . . . 8 Intercept . | . . . . . . . . . . Searches Triggered . | . . . . . . . . . . Construction Impeded 1 | . . . . . . . . . 1 Haulers Reinforced 1 | . . . . . . . 1 . . Active Scanning Responses . | . . . . . . . . . . Cargo Convoy Interrupts . | . . . . . . . . . . Stealth | -11 -10 -9 -8 -7 -6 -5 -4 -4 -3 --------- Run | Jun Mat Mat Mat Fac Fac Fac Fac Ext Res Distress Signals 13 | . . 3 1 . . . 2 5 2 Communications Jammed 24 | . . . . . . . . . 24 Distress Signals 23 | . . . . . . . . . 23 Times Spotted 216 | . 15 20 38 4 17 13 16 38 55 Peak Tracking Total 10 | . 3 5 5 3 4 4 4 6 10 Tactical Retreats 10 | . . . 2 . . . 1 2 5 Traps | -11 -10 -9 -8 -7 -6 -5 -4 -4 -3 ------- Run | Jun Mat Mat Mat Fac Fac Fac Fac Ext Res Traps Triggered 13 | . 2 2 1 . . 2 . 6 . Indirectly . | . . . . . . . . . . Trap Hack Attempts . | . . . . . . . . . . Triggered . | . . . . . . . . . . Disarmed . | . . . . . . . . . . Reprogrammed . | . . . . . . . . . . Reused . | . . . . . . . . . . Traps Extracted . | . . . . . . . . . . Installed . | . . . . . . . . . . Triggered . | . . . . . . . . . . Machines | -11 -10 -9 -8 -7 -6 -5 -4 -4 -3 ---------- Run | Jun Mat Mat Mat Fac Fac Fac Fac Ext Res Machines Disabled 15 | . . 1 4 . 3 . 3 2 2 Max in Single Turn 2 | . . 1 1 . 2 . 1 1 1 Garrison Access 2 | . . . . 1 . . 1 . . Energy Cycler 2 | . . . . . . . . 2 . Machines Repaired . | . . . . . . . . . . Machines Sabotaged . | . . . . . . . . . . Overloaded Fab Kills . | . . . . . . . . . . Hacking | -11 -10 -9 -8 -7 -6 -5 -4 -4 -3 --------- Run | Jun Mat Mat Mat Fac Fac Fac Fac Ext Res Machines Accessed 29 | . 2 4 4 2 6 2 6 3 . Terminals 26 | . 2 4 3 1 6 2 5 3 . Fabricators . | . . . . . . . . . . Repair Stations 1 | . . . 1 . . . . . . Recycling Units . | . . . . . . . . . . Scanalyzers . | . . . . . . . . . . Garrison Access 2 | . . . . 1 . . 1 . . Total Hacks 80 | . 8 10 15 4 16 5 14 8 . Successful 34 | . 3 6 7 1 7 2 5 3 . Failed 46 | . 5 4 8 3 9 3 9 5 . Catastrophic 11 | . 2 1 2 2 1 . 3 . . Database Lockouts . | . . . . . . . . . . Manual 45 | . 7 3 5 1 11 3 11 4 . Terminals 69 | . 8 10 8 1 16 5 13 8 . Fabricators . | . . . . . . . . . . Repair Stations 7 | . . . 7 . . . . . . Recycling Units . | . . . . . . . . . . Scanalyzers . | . . . . . . . . . . Garrison Access 4 | . . . . 3 . . 1 . . Terminal Hacks 13 | . 1 4 . . 5 1 1 1 . Robot Analysis 1 | . 1 . . . . . . . . Prototype ID Bank 1 | . . 1 . . . . . . . Open Door 1 | . . . . . . . . 1 . Level Access Points 1 | . . . . . 1 . . . . Branch Access Points 4 | . . 1 . . 1 1 1 . . Unreport Threat 1 | . . 1 . . . . . . . Zone Layout 4 | . . 1 . . 3 . . . . Fabricator Hacks . | . . . . . . . . . . Repair Station Hacks 6 | . . . 6 . . . . . . Scan Component 3 | . . . 3 . . . . . . Repair 3 | . . . 3 . . . . . . Recycling Unit Hacks . | . . . . . . . . . . Scanalyzer . | . . . . . . . . . . Garrison Access Hacks 2 | . . . . 1 . . 1 . . Seal Access 2 | . . . . 1 . . 1 . . Unauthorized Hacks 13 | . 2 2 1 . 2 1 3 2 . Terminals 13 | . 2 2 1 . 2 1 3 2 . Track 2 | . 1 . . . . . . 1 . Assimilate 2 | . . 1 . . . . 1 . . Botnet 9 | . 1 1 1 . 2 1 2 1 . Fabricators . | . . . . . . . . . . Repair Stations . | . . . . . . . . . . Recycling Units . | . . . . . . . . . . Scanalyzers . | . . . . . . . . . . Garrison Access . | . . . . . . . . . . Data Cores Recovered 2 | . . . . . 1 . 1 . . Used 1 | . . . . . 1 . . . . Hacking Detections 28 | . 2 4 4 2 6 2 5 3 . Full Trace Events 3 | . 2 . 1 . . . . . . Feedback Events 1 | . 1 . . . . . . . . Corruption 1 | . 1 . . . . . . . . Feedback Blocked . | . . . . . . . . . . Robot Schematics Acquired . | . . . . . . . . . . Robots Built . | . . . . . . . . . . Authchips . | . . . . . . . . . . Time . | . . . . . . . . . . Total Robot Build Rating . | . . . . . . . . . . Part Schematics Acquired . | . . . . . . . . . . Parts Built . | . . . . . . . . . . Authchips . | . . . . . . . . . . Time . | . . . . . . . . . . Total Part Build Rating . | . . . . . . . . . . Parts Repaired 3 | . . . 3 . . . . . . Time 132 | . . . 132 . . . . . . Parts Recycled . | . . . . . . . . . . Recycled Matter . | . . . . . . . . . . Retrieved Matter . | . . . . . . . . . . Retrieved Components . | . . . . . . . . . . Parts Scanalyzed . | . . . . . . . . . . Part Schematics Acquired . | . . . . . . . . . . Parts Damaged . | . . . . . . . . . . Bothacking | -11 -10 -9 -8 -7 -6 -5 -4 -4 -3 ------------ Run | Jun Mat Mat Mat Fac Fac Fac Fac Ext Res Used RIF Installer . | . . . . . . . . . . Robots Hacked . | . . . . . . . . . . Non-combat . | . . . . . . . . . . Combat . | . . . . . . . . . . Robot Hacks Applied . | . . . . . . . . . . Relay Couplers Released . | . . . . . . . . . . Fabnet Peak Effective % . | . . . . . . . . . . Robots Rewired 21 | . . . . . . . . 21 . Allies Hacked . | . . . . . . . . . . Hacks Repelled . | . . . . . . . . . . Allies | -11 -10 -9 -8 -7 -6 -5 -4 -4 -3 -------- Run | Jun Mat Mat Mat Fac Fac Fac Fac Ext Res Total Allies 22 | . . . . . . . . 22 . Largest Group 13 | . . . . . . . . 13 2 Highest-Rated Group 689 | . . . . . . . . 689 80 Highest-Rated Ally 159 | . . . . . . . . 159 51 Total Orders 2 | . . . . . . . . 2 . STAY 1 | . . . . . . . . 1 . FOLLOW 1 | . . . . . . . . 1 . Ally Attacks 149 | . . . . . . . . 124 25 Total Damage 4459 | . . . . . . . . 3844 615 Kills 26 | . . . . . . . . 23 3 Allies Corrupted . | . . . . . . . . . . Allies Melted 1 | . . . . . . . . 1 . Intel | -11 -10 -9 -8 -7 -6 -5 -4 -4 -3 ------- Run | Jun Mat Mat Mat Fac Fac Fac Fac Ext Res Robot Analysis Total 1 | . 1 . . . . . . . . Derelict Logs Recovered . | . . . . . . . . . . Drone Launches . | . . . . . . . . . . Drone Recoveries . | . . . . . . . . . . Exploration | -11 -10 -9 -8 -7 -6 -5 -4 -4 -3 ------------- Run | Jun Mat Mat Mat Fac Fac Fac Fac Ext Res Turns Passed 10400 | . 699 591 1373 987 1660 1223 1175 1765 927 Spaces Moved 5512 | 1 411 270 514 704 693 636 763 999 521 Core 38 | . . . . . . . . . 38 Treads . | . . . . . . . . . . Legs 4752 | 1 100 . 471 704 693 636 763 999 385 Wheels 647 | . 311 270 43 . . . . . 23 Hover 13 | . . . . . . . . . 13 Flight 62 | . . . . . . . . . 62 Fastest Speed 34 | 120 115 98 105 130 125 120 120 120 34 Average Speed 124 | 120 116 103 158 130 126 121 122 124 105 Slowest Speed 270 | 120 260 115 270 130 130 125 190 190 190 Overloaded Moves . | . . . . . . . . . . Propulsion Burnouts . | . . . . . . . . . . Robots Hopped . | . . . . . . . . . . Cave-ins Triggered . | . . . . . . . . . . Exploration Rate (%) 30 | 2 59 23 42 21 18 14 22 89 10 Regions Visited 9 Branch Regions 1 Pre-discovered Areas . | . . . . . . . . . . Known Exits Taken 5 | . . . . 1 1 1 1 1 . Unknown Exits Taken 4 | 1 1 1 1 . . . . . . Scrap Searched . | . . . . . . . . . . Spaces Dug 32 | . . . . . 10 . . 22 . Terrain Destroyed 219 | . . . 21 . 26 1 10 85 76 Melee 10 | . . . . . 10 . . . . Projectile 96 | . . . . . . 1 10 54 31 AOE 112 | . . . 21 . 16 . . 31 44 Terrain Rammed . | . . . . . . . . . . Walls Destroyed . | . . . . . . . . . . Machines Disabled . | . . . . . . . . . . Actions | -11 -10 -9 -8 -7 -6 -5 -4 -4 -3 --------- Run | Jun Mat Mat Mat Fac Fac Fac Fac Ext Res Total 8292 | . 562 515 927 775 1345 1046 931 1427 764 Wait 1638 | . 50 179 267 44 509 334 79 77 99 Move 5503 | . 410 269 513 703 692 635 762 998 521 Hop . | . . . . . . . . . . Pick Up 114 | . 28 5 21 6 11 9 12 17 5 Fast Attach 70 | . 5 5 8 4 7 6 7 10 18 Attach 60 | . 6 4 5 3 9 3 5 5 20 Detach 22 | . 3 2 3 3 4 . 1 1 5 Swap 146 | . 6 11 9 3 24 17 15 40 21 Drop 161 | . 16 10 27 7 21 18 16 37 9 Fire 356 | . 38 30 74 2 55 24 34 45 54 Melee 16 | . . . . . 12 . . . 4 Ram 1 | . . . . . . . . . 1 Kick 11 | . . . . . 1 . . 3 7 Crush . | . . . . . . . . . . Escape Stasis 15 | . . . . . . . . 15 . Rewire 179 | . . . . . . . . 179 . Trap . | . . . . . . . . . . Miscellaneous . | . . . . . . . . . . Route ------- -11/Junkyard -10/Materials (discovered 3 exits: *Mat / *Min x2) -9/Materials (discovered 2 exits: *Mat / Min) -8/Materials -7/Factory (discovered 3 exits: *Fac x2 / [*Low]) -6/Factory (discovered 6 exits: *Fac x4 / Low x2) -5/Factory (discovered 3 exits: *Fac / *Upp x2) -4/Factory (discovered 4 exits: Upp x2 / *Ext x2) -4/Extension (discovered 3 exits: *Res x2 / *Cet) -3/Research History --------- Turn | Location | Event 1 | -11/Junkyard | Discovered new exit (range 0) 1 | -11/Junkyard | Entered Materials 160 | -10/Materials | Discovered new exit (range 12) 314 | -10/Materials | Build established: Mutant 528 | -10/Materials | Discovered new exit (range 14) 555 | -10/Materials | Identified exit to Mines 627 | -10/Materials | Discovered new exit (range 8) 682 | -10/Materials | Core integrity fell below 50% 700 | -10/Materials | Entered another Materials area 700 | -9/Materials | Evolved 2 slots: Propulsion x1, Weapon x1 759 | -9/Materials | Identified exit to Mines 983 | -9/Materials | Build established: Tank 1135 | -9/Materials | Discovered new exit (range 6) 1291 | -9/Materials | Entered another Materials area 1291 | -8/Materials | Evolved 2 slots: Utility x2 1607 | -8/Materials | Build established: Gunner 1785 | -8/Materials | Discovered new exit (range 16) 2067 | -8/Materials | Repaired Gauss Rifle 2112 | -8/Materials | Repaired Imp. Titanium Leg 2158 | -8/Materials | Repaired Gauss Rifle 2491 | -8/Materials | First assault squad dispatched 2664 | -8/Materials | Entered Factory 2664 | -7/Factory | Evolved 2 slots: Propulsion x1, Utility x1 2923 | -7/Factory | Discovered new exit (range 15) 3310 | -7/Factory | Discovered new exit (range 7) 3524 | -7/Factory | Discovered new exit (range 16) 3650 | -7/Factory | Identified exit to Factory 3651 | -7/Factory | Entered another Factory area 3651 | -6/Factory | Evolved 2 slots: Utility x2 4312 | -6/Factory | Build established: Scavenger-Skirmisher 4588 | -6/Factory | Identified exit to Lower Caves 4623 | -6/Factory | Build established: Scavenger-Assassin 4951 | -6/Factory | Identified exit to Factory 5234 | -6/Factory | Build established: Skirmisher 5311 | -6/Factory | Entered another Factory area 5311 | -5/Factory | Evolved 2 slots: Utility x2 5569 | -5/Factory | Identified exit to Upper Caves 5604 | -5/Factory | Build established: Scavenger-Skirmisher 6502 | -5/Factory | Discovered new exit (range 8) 6521 | -5/Factory | Identified exit to Factory 6534 | -5/Factory | Entered another Factory area 6534 | -4/Factory | Evolved 2 slots: Utility x1, Weapon x1 6852 | -4/Factory | Build established: Scavenger-Gunner 7169 | -4/Factory | Lost 3 parts (1p2u) 7304 | -4/Factory | Spotted B-86 Titan 7362 | -4/Factory | Identified exit to Upper Caves 7362 | -4/Factory | Identified exit to Extension 7463 | -4/Factory | Build established: Scavenger-Skirmisher 7596 | -4/Factory | Found Prototype Device 7596 | -4/Factory | Identified Exp. ECM Suite 7709 | -4/Factory | Entered Extension 8010 | -4/Extension | Build established: Scavenger-Gunner 8100 | -4/Extension | Energy Cycler disabled 8100 | -4/Extension | Rescued a captive Derelict 8101 | -4/Extension | Rescued a captive Derelict 8101 | -4/Extension | Rescued a captive Derelict 8101 | -4/Extension | Rescued a captive Derelict 8101 | -4/Extension | Rescued a captive Derelict 8184 | -4/Extension | Rescued A7 8527 | -4/Extension | Spotted B-86 Titan 8539 | -4/Extension | Discovered new exit (range 19) 8540 | -4/Extension | Spotted B-86 Titan 8563 | -4/Extension | Allies destroyed B-86 Titan 8574 | -4/Extension | Destroyed B-86 Titan 8600 | -4/Extension | Lost 3 parts (1u2w) 8862 | -4/Extension | Extracted ID and sensor layout for unrecognized location from A7's data core 9120 | -4/Extension | Discovered new exit (range 10) 9122 | -4/Extension | Discovered new exit (range 6) 9384 | -4/Extension | Disrupted transfer network 9466 | -4/Extension | Identified exit to Cetus 9469 | -4/Extension | Identified exit to Research 9474 | -4/Extension | Entered Research 9474 | -3/Research | Accompanied by 2 allies 9474 | -3/Research | Evolved 2 slots: Utility x2 9717 | -3/Research | Garrison activated, responded to threat 9960 | -3/Research | Garrison activated, responded to threat 9974 | -3/Research | First assault squad dispatched 10175 | -3/Research | Lost 6 parts (2n1u3w) 10241 | -3/Research | System corruption reached 10% 10285 | -3/Research | Garrison activated, responded to threat 10290 | -3/Research | Core integrity fell below 50% 10290 | -3/Research | Released all parts (5) 10366 | -3/Research | Core integrity fell below 20% 10392 | -3/Research | Lost 33 parts (5p13n9u6w) 10401 | -3/Research | Destroyed by S-43 Plague with Heavy Machine Gun Last Messages --------------- 10357_ S-43 Plague system terminally corrupted. 10357_ Lgt. Antimatter Reactor fried. 10357_ Slug penetrates Wall. 10357_ Penetrated by Slug. 10361_ Slug penetrates Wall. 10361_ Impact Mace destroyed. 10361_ Acquired 25 matter. 10362_ K-01 Serf collects debris. 10369_ Slug penetrates Wall. 10374_ Acquired Q-thruster. 10378_ Acquired Lgt. Antimatter Reactor. 10380_ Acquired Q-thruster. 10388_ Acquired 7 matter. 10390_ K-01 Serf cleans the Graviton Restrictor. 10391_ K-01 Serf collects debris. 10395_ Acquired 51 matter. 10395_ K-01 Serf collects debris. 10395_ K-01 Serf cleans the Graviton Restrictor. 10397_ System corrupted: Energy discharge (-61). 10398_ Critical hit (Burn: +50). Map ----- +----------------------------------------------------+ | """ # = /% ## ##?# # # | | """ # # %% #! #?# # #""" | | """ + == % #%%%%+"%%#?# # #"Y | | """ # %% #*=%%# %#?####+###### #""" | | """ # # *=%#####????# #????# # * | | """ # # =*## #?????# #?? ## / ] | | """ # # ## #???#?# #?? ?# # | | ################ #???###/###### # | | # ##?# ## #???# = # ######" | | " #??# ## ##??# # ## | | # ! #??# ## #??## # ## | | "" #!!! #??# ## #???# # + | | """[ # =! #???#??#????# """ + ## | | ""[[ # % #??#??????## """ # ## | | ""F"[ # * #?????????# """ # ## | | """" # = ##???????#?# # ## | | """ # %! #???????#?# # ## | | ? ### #+ #??????#?########## ## | | ? ??? # #?????????????????# ## | | ? ??? # #????????????##???# ## | | ?#######??? # #????#######+###### ## | | ??????????? # # ####### R # ## | | ??????????? # / ku # ######" | | ???????????## ######### """"" # | | ????????????# # # s """"" / | | ????????????# + @% """"" # % | | ????????????# # #k s # | | ????????????# ######### * ####+####### | | ?????????? #???????# #??T ????## | | ?????????#### #???????# #?? ?????? | | ??????????? #???????# #? ????? | | ?????????? +???????# " # ????? | | ?????????# ### #???????# """ # """ ???? | | ?????????## #??# #???????##+########### """ ???? | | ??????????# ???# #????????# #?????????# """ ??# | | ??????????# ???# #????????# #?????????# ?#? | | ??????????#+???? #????????# #?????????# ??? #?? | | ???????????????? ?????????# #?????????####???###?? | | ???????????????? ?????????# #????????????????????? | | ???????????????? ?????????# #????????????????????? | | ???????????????? ?????????# #??????????????????? ? | | ???????????????? ?????????# #????????????????????? | | ???????????????? ?????????# #????????????????????? | | ???????????????? ?????????# #????????????????????? | | ???????????????? ?????????# #????????????????????? | | ???????????????? ?????????? ?????????????????????? | | ??????????????????????????? ?????????????????????? | | ??????????????????????????? ?????????????????????? | | ??????????????????????????? ?????????????????????? | | ??????????????????????????? ?????????????????????? | +----------------------------------------------------+ Best States ------------- Heat Dissipation 103 Energy Generation 23 Energy Capacity 340 Matter Stores 300 Matter Capacity 300 Sight Range 22 Robot Scan Range 16 Terrain Scan Range 16 Terrain Scan Density 10 Jamming Range 14 Armor Coverage 225 Resistance: KI 25 Propulsion Shielding 33 Weapon Shielding 66 Weapon Cycling 15 Phase Shifting 5 Evasion (%) 63 Targeting Accuracy 16 Matter Filtering 30 Kinecelleration 40 Trap Extractor Capacity 8 Item Schematics ----------------- None Robot Schematics ------------------ None Fabricated ------------ Nothing Alien Tech Used ----------------- None Achievements -------------- None Challenges ------------ None Game ------ Seed HybridPhaseBay Manual? 0 Play Time 02:02:17 Cumulative 113.2 hours Start 2023.10.16 @ 16:18:12 End 2023.10.16 @ 18:40:45 Sessions 1 Manual Loads 0 Difficulty Rogue Special Mode None Game No. 65 Rogue 65 Adventurer 0 Explorer 0 Win Type - Total 0 Types 0/0/0/0/0/0/0/0/0 Lore% 28 Gallery% 56 Achievement% 45 Wizard Run 0 Options --------- ASCII 0 Keyboard 1 Movement Numpad Keybinds 0 Fullscreen 1 Font 24/Smallcaps Map View 76x50 Tactical HUD 1 Map Filters NONE Filters NONE Steam 1 RUN: 50172998-9313-46b6-a5a7-1a65c8e3a1d8